Cogmind - Beta 13 --- EXPLORER MODE // 2024.06.20 @ 23:15:19 Player: randombattle Result: Self-destructed Performance ------------- Evolutions (2) 1000 Regions Visited (5) 1000 Robots Destroyed (51) 255 Value Destroyed (1648) 1648 Prototype IDs (7) 140 Alien Tech Used (0) 0 Bonus (700) 700 TOTAL SCORE: 4743 Bonus ------- Entered Garrisons 200 Used RIF Installer 500 Cogmind --------- Core Integrity 169/550 Matter 300/300 Energy 85/100 System Corruption 0% Temperature Cool (33) Movement Core (1400) Ox27 Location -8/Materials Parts ------- > --- POWER (2) -------- (None) > --- PROPULSION (3) --- (None) > --- UTILITY (4) ------ Huge Storage Unit Visual Processing Unit Signal Interpreter Targeting Computer > --- WEAPON (3) ------- Heavy Hammer > --- INVENTORY (25) --- Large Battery (200) Medium Matter Pod (100) Hardened Light Armor Plating High-powered Tractor Beam Peak State ------------ > --- POWER ------------ Nuclear Core Nuclear Core > --- PROPULSION ------- Light Treads Improved Treads Improved Treads > --- UTILITY ---------- Cooling System Huge Storage Unit Sensor Array Signal Interpreter > --- WEAPON ----------- Small Laser Beam Rifle Heavy Hammer > --- INVENTORY -------- Improved Ion Engine Large Battery Medium Matter Pod Visual Processing Unit Hardened Light Armor Plating High-powered Tractor Beam [Rating: 22] Favorites ----------- Power Improved Ion Engine Engine Improved Ion Engine Power Core Nuclear Core Propulsion Aluminum Leg Treads Light Treads Leg Aluminum Leg Wheel Wheel Hover Unit Hover Unit Flight Unit Flight Unit Utility Signal Interpreter Device Sensor Array Storage Huge Storage Unit Processor Signal Interpreter Weapon Improved Light Cannon Energy Gun Beam Rifle Ballistic Gun Light Assault Rifle Ballistic Cannon Improved Light Cannon Impact Weapon Heavy Hammer Build | -11 -10 -9 -8 -8 -8 ------- Run | Yrd Mat Mat Mat Gar Mat Slots Evolved 5 | . 1 2 2 . . Power 1 | . . 1 . . . Propulsion 1 | . . . 1 . . Utility 2 | . 1 . 1 . . Weapon 1 | . . 1 . . . Parts Attached 57 | 7 12 25 6 7 . Power 10 | 1 3 3 2 1 . Engine 8 | 1 3 3 . 1 . Core 2 | . . . 2 . . Reactor . | . . . . . . Propulsion 21 | 2 5 9 2 3 . Treads 4 | . . 2 2 . . Leg 5 | . . 2 . 3 . Wheel 2 | 2 . . . . . Hover 5 | . 2 3 . . . Flight 5 | . 3 2 . . . Utility 9 | 2 1 3 1 2 . Device 3 | 1 1 . 1 . . Storage 1 | . . 1 . . . Processor 5 | 1 . 2 . 2 . Hackware . | . . . . . . Protection . | . . . . . . Artifact . | . . . . . . Weapon 17 | 2 3 10 1 1 . Energy Gun 4 | . . 2 1 1 . Energy Cannon . | . . . . . . Ballistic Gun 5 | 2 3 . . . . Ballistic Cannon 6 | . . 6 . . . Launcher . | . . . . . . Special Weapon . | . . . . . . Impact Weapon 2 | . . 2 . . . Slashing Weapon . | . . . . . . Piercing Weapon . | . . . . . . Special Melee Weapon . | . . . . . . Unidentified Prototypes . | . . . . . . Parts Lost 11 | . . . 1 7 3 Power 2 | . . . . 2 . Propulsion 5 | . . . . 3 2 Utility 2 | . . . . 2 . Weapon 2 | . . . 1 . 1 Highest Loss Streak 4 | . . . 1 4 2 To Critical Strikes . | . . . . . . Average Slot Usage (%) 92 | . 93 95 98 83 77 Engine 13 | . 12 19 2 3 4 Core 3 | . . . 13 7 . Treads 7 | . . 8 23 3 . Leg 7 | . . 4 . 18 18 Hover 2 | . 7 3 . . . Device 9 | . 24 10 16 3 . Storage 7 | . . 8 8 8 8 Processor 13 | . 12 11 8 18 25 Energy Gun 9 | . . 8 15 12 12 Ballistic Gun 1 | . 21 . . . . Ballistic Cannon 8 | . . 15 . . . Impact Weapon 5 | . . 5 8 8 8 Naked Turns . | . . . . . . Heaviest Build 106 | 7 10 105 106 103 92 Greatest Support 66 | 20 20 40 66 66 30 Greatest Overweight (x) 34 | . 1 34 2 33 8 Average Overweight (x) 2 | . . 3 1 3 3 Largest Inventory Capacity 25 | 5 5 25 25 25 25 Average Capacity 21 | 5 5 21 25 25 25 Most Carried 11 | 2 4 11 7 8 4 Average Carried 5 | . 1 6 5 4 4 Final Capacity 25 | 5 5 25 25 25 25 Final Carried 6 | 2 3 6 5 4 4 Class Distribution -------------------- 38% | Hacker-Mutant 35% | Scavenger-Mutant 25% | Hacker-Skirmisher Dominant Class ---------------- Hacker-Mutant | -10/Materials Hacker-Skirmisher | -9/Materials Hacker-Mutant | -8/Materials Scavenger-Mutant | -8/Garrison Scavenger-Mutant | -8/Materials Resources | -11 -10 -9 -8 -8 -8 ----------- Run | Yrd Mat Mat Mat Gar Mat Matter Collected 1172 | 256 134 655 72 55 . Remotely . | . . . . . . Salvage Created 1663 | 42 118 669 409 314 111 Parts 103 | 2 16 44 15 22 4 Haulers Intercepted . | . . . . . . Recyclers Shooed 2 | . 1 . 1 . . Parts Field Recycled . | . . . . . . Retrieved Matter . | . . . . . . Parts Self-Destructed . | . . . . . . Prevented . | . . . . . . Kills | -11 -10 -9 -8 -8 -8 ------- Run | Yrd Mat Mat Mat Gar Mat Combat Hostiles Destroyed 42 | 1 3 16 8 13 1 Guns 33 | 1 3 7 8 13 1 Cannons 9 | . . 9 . . . Classes Destroyed 9 | 1 3 1 4 . . Worker 1 | . 1 . . . . Recycler 2 | . . . 1 . 1 Watcher 6 | . 2 3 1 . . Swarmer 8 | . 2 . . 6 . Grunt 20 | 1 1 9 5 3 1 Brawler 1 | . . . 1 . . Duelist 1 | . . . 1 . . Sentry 10 | . . 7 . 3 . Hunter 2 | . . . 1 1 . Best Kill Streak 7 | 1 2 3 7 3 2 Combat Bots Only 6 | 1 2 3 6 3 1 Max Kills in Single Turn 2 | 1 1 1 1 2 1 Gunslinging 1 | . . . . 1 . Exploded . | . . . . . . Melee . | . . . . . . Uniques/NPCs Destroyed . | . . . . . . Combat | -11 -10 -9 -8 -8 -8 -------- Run | Yrd Mat Mat Mat Gar Mat Hostile Shots Fired 320 | 3 7 77 105 80 48 Missed 86 | . 2 22 35 18 9 Damage Taken 2062 | 20 31 431 691 517 372 Core 453 | . . 72 125 113 143 Absorbed by Shields 29 | . . . . 29 . Ignored by Resistances 1292 | 12 21 279 418 338 224 Core Remaining (%) 94 | 100 100 82 . . . Volleys Fired 133 | 4 15 38 25 35 16 Largest 3 | 2 2 3 2 2 1 Hottest 121 | 40 40 117 121 121 56 Shots Fired 231 | 8 28 95 46 38 16 Gun 168 | 8 28 32 46 38 16 Cannon 63 | . . 63 . . . Launcher . | . . . . . . Special . | . . . . . . Kinetic 99 | 8 28 63 . . . Thermal 132 | . . 32 46 38 16 Explosive . | . . . . . . Electromagnetic . | . . . . . . Robot Hit Streak 54 | 6 8 23 45 54 20 Robot Miss Streak 3 | . 2 3 3 3 1 Penetration Max . | . . . . . . Secondary Targets 4 | . . . 3 1 . Max Gunslinging Chain 1 | . . . 1 1 . Shots Hit Robots 178 | 6 15 61 45 35 16 Core Hits 153 | 2 9 27 47 62 6 Critical Kills . | . . . . . . Critical Parts Destroyed . | . . . . . . Critical Strikes 5 | . . 3 . . 2 Burn 3 | . . 1 . . 2 Blast 2 | . . 2 . . . Melee Attacks 1 | . . . . . 1 Impact 1 | . . . . . 1 Slashing . | . . . . . . Piercing . | . . . . . . Sneak Attacks 1 | . . . . . 1 Combat Hostiles . | . . . . . . Follow-up Attacks . | . . . . . . Damage Inflicted 2995 | 66 170 1069 747 630 313 Guns 2132 | 66 166 308 747 630 215 Cannons 761 | . . 761 . . . Explosions . | . . . . . . Melee 98 | . . . . . 98 Ramming 4 | . 4 . . . . Kinetic 993 | 66 166 761 . . . Thermal 1900 | . . 308 747 630 215 Explosive . | . . . . . . Electromagnetic . | . . . . . . Impact 98 | . . . . . 98 Slashing . | . . . . . . Piercing . | . . . . . . Highest Corruption 1 | . . 1 . . . Average Corruption 1 | . . 1 . . . Corruption Purged . | . . . . . . Corruption Blocked . | . . . . . . Effects 5 | . . 5 . . . Message Errors 1 | . . 1 . . . Matter Fused 2 | . . 2 . . . Data Loss (minor) 2 | . . 2 . . . Overload Shots . | . . . . . . Overflow Damage . | . . . . . . Projectiles . | . . . . . . Explosions . | . . . . . . Melee . | . . . . . . Knockbacks 3 | . . 3 . . . Impact . | . . . . . . Kinetic 3 | . . 3 . . . Secondary . | . . . . . . Self-Inflicted Damage 1 | . 1 . . . . Shots . | . . . . . . Rammed 2 | . 2 . . . . Targets Rammed 2 | . 2 . . . . Kicked . | . . . . . . Crushed . | . . . . . . Highest Temperature 267 | 6 . 252 267 176 42 Average Temperature 77 | 6 . 79 108 64 22 Received Heat Transfer 1395 | 18 12 321 468 324 252 Effects 1 | . . 1 . . . Energy Bleed 1 | . . 1 . . . Siege Activations . | . . . . . . Robots Corrupted . | . . . . . . Combat Hostiles . | . . . . . . Parts Fried . | . . . . . . Impact Corruptions . | . . . . . . Robots Melted . | . . . . . . Combat Hostiles . | . . . . . . Parts Melted 4 | . . 3 1 . . Heat Transferred 3748 | . . 818 1398 829 703 Parts Sabotaged . | . . . . . . Parts Stolen . | . . . . . . Parts Stripped . | . . . . . . Power Chain Reactions . | . . . . . . Alert | -11 -10 -9 -8 -8 -8 ------- Run | Yrd Mat Mat Mat Gar Mat Peak Influence 367 | 20 113 171 239 367 160 Initial 130 | . 9 34 . 112 130 Average 110 | 5 61 54 51 279 135 Maximum Alert Level 1 | . . . 1 1 . Low Security (%) 79 | 100 100 100 94 15 100 Level 1 20 | . . . 5 84 . Level 2 . | . . . . . . Level 3 . | . . . . . . Level 4 . | . . . . . . Level 5 . | . . . . . . High Security . | . . . . . . Max Security . | . . . . . . Squads Dispatched 6 | . . 3 3 . . Investigation 1 | . . 1 . . . Extermination . | . . . . . . Reinforcement 3 | . . 2 1 . . Assault . | . . . . . . Garrison 2 | . . . 2 . . Intercept . | . . . . . . Searches Triggered . | . . . . . . Construction Impeded . | . . . . . . Haulers Reinforced . | . . . . . . Active Scanning Responses . | . . . . . . Cargo Convoy Interrupts . | . . . . . . Stealth | -11 -10 -9 -8 -8 -8 --------- Run | Yrd Mat Mat Mat Gar Mat Distress Signals 2 | . 1 . 1 . . Communications Jammed . | . . . . . . Distress Signals . | . . . . . . Times Spotted 63 | 1 7 23 14 13 5 Peak Tracking Total 6 | 1 2 3 6 3 4 Tactical Retreats . | . . . . . . Traps | -11 -10 -9 -8 -8 -8 ------- Run | Yrd Mat Mat Mat Gar Mat Traps Triggered 4 | . . . . 3 1 Indirectly . | . . . . . . Trap Hack Attempts . | . . . . . . Triggered . | . . . . . . Disarmed . | . . . . . . Reprogrammed . | . . . . . . Reused . | . . . . . . Traps Extracted . | . . . . . . Installed . | . . . . . . Triggered . | . . . . . . Machines | -11 -10 -9 -8 -8 -8 ---------- Run | Yrd Mat Mat Mat Gar Mat Machines Disabled 1 | . . 1 . . . Max in Single Turn 1 | . . 1 . . . Machines Repaired . | . . . . . . Machines Dismantled . | . . . . . . Machines Sabotaged . | . . . . . . Overloaded Fab Kills . | . . . . . . Hacking | -11 -10 -9 -8 -8 -8 --------- Run | Yrd Mat Mat Mat Gar Mat Machines Accessed 15 | . 4 7 3 1 . Terminals 10 | . 3 4 2 1 . Fabricators . | . . . . . . Repair Stations . | . . . . . . Recycling Units 3 | . 1 2 . . . Scanalyzers 1 | . . 1 . . . Garrison Access 1 | . . . 1 . . Total Hacks 41 | . 12 21 6 2 . Successful 33 | . 10 18 4 1 . Failed 8 | . 2 3 2 1 . Catastrophic . | . . . . . . Database Lockouts . | . . . . . . Manual . | . . . . . . Terminals 31 | . 9 15 5 2 . Fabricators . | . . . . . . Repair Stations . | . . . . . . Recycling Units 6 | . 3 3 . . . Scanalyzers 3 | . . 3 . . . Garrison Access 1 | . . . 1 . . Terminal Hacks 25 | . 8 13 3 1 . Record 17 | . 4 11 2 . . Prototype ID Bank 3 | . 1 1 1 . . Emergency Access Points 3 | . 1 1 . 1 . Alert Level 1 | . 1 . . . . Dispatch Records 1 | . 1 . . . . Fabricator Hacks . | . . . . . . Repair Station Hacks . | . . . . . . Recycling Unit Hacks 5 | . 2 3 . . . Process 1 | . . 1 . . . Report Inventory 3 | . 1 2 . . . Retrieve Components 1 | . 1 . . . . Scanalyzer 2 | . . 2 . . . Insert Component 1 | . . 1 . . . Analyze 1 | . . 1 . . . Garrison Access Hacks 1 | . . . 1 . . Unlock Access 1 | . . . 1 . . Unauthorized Hacks . | . . . . . . Terminals . | . . . . . . Fabricators . | . . . . . . Repair Stations . | . . . . . . Recycling Units . | . . . . . . Scanalyzers . | . . . . . . Garrison Access . | . . . . . . Data Cores Recovered . | . . . . . . Used . | . . . . . . Hacking Detections 9 | . 3 3 2 1 . Full Trace Events 4 | . 1 3 . . . Feedback Events 1 | . . 1 . . . Corruption 1 | . . 1 . . . Feedback Blocked . | . . . . . . Robot Schematics Acquired . | . . . . . . Robots Built . | . . . . . . Authchips . | . . . . . . Time . | . . . . . . Total Robot Build Rating . | . . . . . . Part Schematics Acquired 1 | . . 1 . . . Parts Built . | . . . . . . Authchips . | . . . . . . Time . | . . . . . . Total Part Build Rating . | . . . . . . Parts Repaired . | . . . . . . Time . | . . . . . . Parts Recycled . | . . . . . . Recycled Matter 256 | . . 256 . . . Retrieved Matter . | . . . . . . Retrieved Components 5 | . 5 . . . . Parts Scanalyzed 1 | . . 1 . . . Part Schematics Acquired 1 | . . 1 . . . Parts Damaged . | . . . . . . Bothacking | -11 -10 -9 -8 -8 -8 ------------ Run | Yrd Mat Mat Mat Gar Mat Used RIF Installer 1 | . . . . 1 . Robots Hacked . | . . . . . . Non-combat . | . . . . . . Combat . | . . . . . . Robot Hacks Applied . | . . . . . . Relay Couplers Released . | . . . . . . Fabnet Peak Effective % . | . . . . . . Robots Rewired . | . . . . . . Allies Hacked . | . . . . . . Hacks Repelled . | . . . . . . Allies | -11 -10 -9 -8 -8 -8 -------- Run | Yrd Mat Mat Mat Gar Mat Total Allies . | . . . . . . Largest Group . | . . . . . . Highest-Rated Group . | . . . . . . Highest-Rated Ally . | . . . . . . Total Orders . | . . . . . . Ally Attacks . | . . . . . . Total Damage . | . . . . . . Kills . | . . . . . . Allies Corrupted . | . . . . . . Allies Melted . | . . . . . . Intel | -11 -10 -9 -8 -8 -8 ------- Run | Yrd Mat Mat Mat Gar Mat Robot Analysis Total . | . . . . . . Derelict Logs Recovered . | . . . . . . Drone Launches . | . . . . . . Drone Recoveries . | . . . . . . Exploration | -11 -10 -9 -8 -8 -8 ------------- Run | Yrd Mat Mat Mat Gar Mat Turns Passed 4549 | 67 349 2512 397 1083 141 Spaces Moved 1438 | 54 308 628 126 292 30 Core 50 | 17 . 26 . 7 . Treads 481 | . . 306 126 49 . Legs 377 | . . 111 . 236 30 Wheels 126 | 37 89 . . . . Hover 315 | . 130 185 . . . Flight 89 | . 89 . . . . Fastest Speed 50 | 50 56 56 240 240 330 Average Speed 281 | 70 89 369 248 338 353 Slowest Speed 1750 | 80 120 1750 320 1700 680 Overloaded Moves . | . . . . . . Propulsion Burnouts . | . . . . . . Robots Hopped . | . . . . . . Cave-ins Triggered . | . . . . . . Exploration Rate (%) 29 | 6 44 62 17 40 6 Regions Visited 5 Branch Regions . Pre-discovered Areas . | . . . . . . Known Exits Taken 4 | 1 1 1 1 . . Unknown Exits Taken . | . . . . . . Scrap Searched . | . . . . . . Spaces Dug . | . . . . . . Terrain Destroyed 5 | . . 5 . . . Melee . | . . . . . . Projectile 5 | . . 5 . . . AOE . | . . . . . . Terrain Rammed . | . . . . . . Walls Destroyed . | . . . . . . Machines Disabled . | . . . . . . Actions | -11 -10 -9 -8 -8 -8 --------- Run | Yrd Mat Mat Mat Gar Mat Total 1761 | 75 362 759 166 352 47 Wait 3 | 2 1 . . . . Move 1433 | 53 307 627 125 291 30 Hop . | . . . . . . Pick Up 58 | 9 9 29 5 6 . Fast Attach 1 | . . 1 . . . Attach 48 | 7 10 21 3 7 . Detach 26 | . 9 16 1 . . Swap 8 | . 2 3 3 . . Drop 35 | . 7 24 4 . . Fire 133 | 4 15 38 25 35 16 Melee 1 | . . . . . 1 Ram 2 | . 2 . . . . Kick . | . . . . . . Crush . | . . . . . . Escape Stasis 13 | . . . . 13 . Rewire . | . . . . . . Trap . | . . . . . . Miscellaneous . | . . . . . . Route ------- -11/Scrapyard -10/Materials -9/Materials (discovered 2 exits: *Mat / *Min) -8/Materials -8/Garrison (discovered 2 exits: *Mat x2) -8/Materials (discovered 1 exit: *Sto) History --------- Turn | Location | Event 2 | -11/Scrapyard | Met Revision 17 40 | -11/Scrapyard | Identified exit to Materials 40 | -11/Scrapyard | Discovered exit to Materials (range 8) 68 | -11/Scrapyard | Entered Materials 68 | -10/Materials | Evolved 1 slot: Utility x1 304 | -10/Materials | Build established: Hacker-Mutant 396 | -10/Materials | Identified exit to Materials 396 | -10/Materials | Discovered exit to Materials (range 4) 417 | -10/Materials | Entered another Materials area 417 | -9/Materials | Evolved 2 slots: Power x1, Weapon x1 711 | -9/Materials | Build established: Hacker-Skirmisher 1890 | -9/Materials | Build established: Hacker-Mutant 1946 | -9/Materials | Identified exit to Mines 1946 | -9/Materials | Discovered exit to Mines (range 7) 2449 | -9/Materials | Build established: Scavenger-Mutant 2823 | -9/Materials | Identified exit to Materials 2823 | -9/Materials | Discovered exit to Materials (range 16) 2929 | -9/Materials | Entered another Materials area 2929 | -8/Materials | Evolved 2 slots: Propulsion x1, Utility x1 3197 | -8/Materials | Garrison activated, responded to threat 3274 | -8/Materials | Build established: Hacker-Mutant 3275 | -8/Materials | Identified exit to Garrison 3326 | -8/Materials | Entered Garrison 3382 | -8/Garrison | Triggered checkpoint 3446 | -8/Garrison | Triggered checkpoint 3505 | -8/Garrison | Lost 4 parts (3n1u) 3621 | -8/Garrison | Identified exit to Materials 3621 | -8/Garrison | Discovered exit to Materials (range 6) 3796 | -8/Garrison | Triggered checkpoint 3834 | -8/Garrison | Triggered checkpoint 3946 | -8/Garrison | Triggered checkpoint 4015 | -8/Garrison | Discovered exit to Materials (range 16) 4075 | -8/Garrison | Build established: Scavenger-Mutant 4084 | -8/Garrison | Installed Relay Interface Framework 4409 | -8/Garrison | Entered Materials 4502 | -8/Materials | Identified exit to Storage 4502 | -8/Materials | Discovered exit to Storage (range 14) 4521 | -8/Materials | Core integrity fell below 50% 4550 | -8/Materials | Self-destructed Last Messages --------------- 04515_ K-01 Serf collects debris. 04516_ R-06 Scavenger collects Spread Laser. 04516_ K-01 Serf cleans the Purification Channel. 04517_ R-06 Scavenger suffers critical hit (Burn). 04519_ Sneak attack on R-06 Scavenger. 04519_ R-06 Scavenger destroyed. 04520_ Critical hit (Burn: +37). 04521_ K-01 Serf collects debris. 04522_ Critical hit (Burn: +37). 04524_ K-01 Serf collects debris. 04529_ G-47 Trooper suffers critical hit (Burn). 04529_ G-47 Trooper destroyed. 04531_ U-05 Engineer builds a Door. 04531_ K-01 Serf collects debris. 04540_ Aluminum Leg destroyed. 04542_ Y-45 Defender heat damages Lgt. Armor Plating. 04548_ Beam Rifle destroyed. 04548_ U-05 Engineer builds a Door. 04549_ Y-45 Defender heat spikes uncontrollably. 04550_ Y-45 Defender heat damages Heat Sink, Beam Rifle. Map ----- +----------------------------------------------------+ | ?????????????????????????????????????????????????? | | ?????????????????????????????????????????????????? | | ?????????????????????????????????????????????????? | | ?????????????????????????????????????????????????? | | ?????????????????????????????????????????????????? | | ?????????????????????????????????????????????????? | | ?????????????????????????????????????????????????? | | ?????????????????????????????????????????????????? | | ?????????????????????????????????????????????????? | | ?????????????????????????????????????????????????? | | ????????????????????????#????????????????????????? | | ???????????????????????? ????????????????????????? | | ???????????????????????? ????????????????????????? | | ???????????????????????? ??????????????????????? | | ???????????????????????? ""??????????????????????? | | ????????????????????????"""??????????????????????? | | ???????????????????????? ""??????????????????????? | | ???????????????????????? ??????????????????????? | | ??????????????????????###+###????????????????????? | | ??????????????????#+### #####????????????????? | | ??????????????????? ?????????????????? | | ???????????????????? = ??????????????????? | | ????????????????????? ggYg ???????????????????? | | ??????????????????????# #????????????????????? | | ?????????#+############# = #?????????????????????? | | ?????????# % # @*#?????????????????????? | | ?????????# #u[ #?????????????????????? | | ?????????# """"" """"" +=* #?????????????????????? | | ?????????# """"" """"" # ^ #?????????????????????? | | ?????????# """"" """"" # #?????????????????????? | | ?????????# # #?????????????????????? | | ?????????####+############ #?????????????????????? | | ????????????# ###????????? #?????????????????????? | | ????????????# #????????? #?????????????????????? | | ????????????# #????????? #?????????????????????? | | ????????????# #????????? #?????????????????????? | | ????????????# #????????? #?????????????????????? | | ????????????# #????????? ?????????????????????? | | ?????????#### #????????? ?????????????????????? | | ????????##! #?????????> ?????????????????????? | | ????????#! #?????????? ?????????????????????? | | ????????#! #?????????? ?????????????????????? | | ????????#! #??????????#?????????????????????? | | ????????#! #????????????????????????????????? | | ????????##! #????????????????????????????????? | | ?????????#### #????????????????????????????????? | | ????????????# #????????????????????????????????? | | ????????????#####????????????????????????????????? | | ?????????????????????????????????????????????????? | | ?????????????????????????????????????????????????? | +----------------------------------------------------+ Best States ------------- Heat Dissipation 53 Energy Generation 23 Energy Capacity 430 Matter Stores 300 Matter Capacity 300 Sight Range 18 Robot Scan Range 14 Terrain Scan Density 10 Resistance: KI 35 Resistance: TH 35 Resistance: EX 35 Resistance: EM 35 Resistance: I 35 Resistance: S 35 Resistance: P 35 Evasion (%) 53 Targeting Accuracy 6 Recoil Reduction 3 Offensive Hacking 20 Item Schematics ----------------- Lrg. Battery | -9/Materials | Scanalyzed Robot Schematics ------------------ None Fabricated ------------ Nothing Alien Tech Used ----------------- None Achievements -------------- Crack Shot Librarian One Hack Too Far Troublemaker Uninvited Guest Universal Adapter Challenges ------------ None Game ------ Seed BiocellPointyDriver Manual? 0 Play Time 00:36:51 Cumulative 0.6 hours Start 2024.06.20 @ 22:38:09 End 2024.06.20 @ 23:15:19 Sessions 2 Manual Loads 0 Difficulty Explorer Special Mode None Game No. 1 Rogue 0 Adventurer 0 Explorer 1 Win Type - Total 0 Types 0/0/0/0/0/0/0/0/0 Lore% 1 Gallery% 2 Achievement% 2 Wizard Run 0 Options --------- Layout 0 ASCII 0 Keyboard 0 Movement Mouse Keybinds 0 Fullscreen 1 Font 18/Terminus Map View 38x25 Zoom Use 98% Tactical HUD 1 Map Filters NONE Filters NONE Steam 1 RUN: 62d83793-6698-4f42-9357-a0fe9aaa0801